 Dungeon Crawl Stone Soup version 0.25-a0-743-g84dc20635f (webtiles) character file.

Game seed: 510406263260299444, levelgen mode: deterministic

21 Majang the Chucker (level 2, 0/31 HPs)
             Began as an Ogre Hunter on Apr 13, 2020.
             Succumbed to an adder's poison
             ... on level 2 of the Dungeon.
             The game lasted 00:04:51 (999 turns).

Majang the Chucker (Ogre Hunter)                     Turns: 999, Time: 00:04:51

Health: 0/31       AC:  4    Str: 15    XL:     2   Next: 83%
Magic:  2/2        EV: 10    Int: 12    God:
Gold:   69         SH:  0    Dex:  9    Spells: 1/1 levels left

rFire    . . .     SeeInvis .   a - +0 club
rCold    . . .     Gourm    .   (no shield)
rNeg     . . .     Faith    .   b - +0 robe
rPois    .         Spirit   .   (helmet restricted)
rElec    .         Reflect  .   h - +0 cloak
rCorr    .         Harm     .   (gloves unavailable)
MR       .....                  (boots unavailable)
Stlth    +.........             (no amulet)
HPRegen  0.10/turn              (no ring)
MPRegen  0.08/turn              (no ring)

@: lethally poisoned (0 -> -5), flying
A: large, unfitting armour, tough skin 1
a: no special abilities


You were on level 2 of the Dungeon.
You were not hungry.

You visited 1 branch of the dungeon, and saw 2 of its levels.

You collected 69 gold pieces.

Inventory:

Hand Weapons
 a - a +0 club (weapon)
Missiles
 c - a large rock (quivered)
 d - 2 throwing nets
Armour
 b - a +0 robe (worn)
 h - a +0 cloak (worn)
Scrolls
 e - 2 scrolls of remove curse {unknown}
 j - 2 scrolls of enchant weapon {unknown}
 k - a scroll of blinking {unknown}
Potions
 i - a potion of might {unknown}
Comestibles
 f - a ration
 l - 2 chunks of flesh


   Skills:
 + Level 3.0 Fighting
 * Level 0.3 Maces & Flails
 * Level 4.3 Throwing
 + Level 0.4 Armour
 + Level 2.0 Dodging
 - Level 0.6 Stealth


You had one spell level left.
You didn't know any spells.
Your spell library was empty.

Dungeon Overview and Level Annotations

Branches:
Dungeon (2/15)

Altars:


Innate Abilities, Weirdness & Mutations

You are too large for most types of armour.
You have tough skin. (AC +1)


Message History

Throwing (i - inventory. (/) - cycle)
c - 3 large rocks (quivered)
Press: ? - help, Shift-Dir - straight line, f/p - adder
Aim: an adder (lightly wounded)
You throw a large rock. The large rock barely misses the adder.
The adder bites you.
* * * LOW HITPOINT WARNING * * *
You are poisoned.
The adder poisons you! The adder barely misses you.
Throwing (i - inventory. (/) - cycle)
c - 2 large rocks (quivered)
Press: ? - help, Shift-Dir - straight line, f/p - adder
Aim: an adder (lightly wounded)
You throw a large rock. The large rock barely misses the adder.
You feel sick. The adder bites you.
* * * LOW HITPOINT WARNING * * *
The adder bites you.
* * * LOW HITPOINT WARNING * * *
It was a potion of flight.
You feel very buoyant.
You fly up into the air.
You die...

# ##. ####### ....
..#...
#..#######.#.##
#.............#
#.$..##....#
.#.##(..S@.รท#..
.......<).)........
#####(######...##..
# ....$. #..##..
..# . ... #.##


You could see an adder.

Vanquished Creatures
  2 dart slugs (D:1)
  2 bats (D:1)
  A giant cockroach (D:1)
  A hobgoblin (D:2)
  A jackal (D:1)
  A ball python (D:2)
  A frilled lizard (D:1)
  3 goblins (D:1)
  3 kobolds
  3 rats (D:1)
18 creatures vanquished.

Notes
Turn   | Place    | Note
-------+----------+-------------------------------------------
     0 | D:1      | Majang the Ogre Hunter began the quest for the Orb.
     0 | D:1      | Reached XP level 1. HP: 22/22 MP: 1/1
   369 | D:1      | Reached XP level 2. HP: 25/29 MP: 2/2
   998 | D:2      | HP: 1/31 [adder (3)]
   999 | D:2      | Succumbed to an adder's poison

Levels and vault maps discovered:
D:1:      minmay_arrival_shoal_huts, layout_basic, minmay_small_reverse_x
D:2:      layout_loops_ring, first_ration

Skill      XL: |  1  2 |
---------------+-------+-----
Fighting       | 3 |  3.0
Dodging        | 2 |  2.0
Maces & Flails | |  0.3
Throwing       | |  4.3
Armour         | |  0.4
Stealth        | |  0.6

Action                   || total
-------------------------++-------
Melee: Short sword       ||    53
       Club              ||    31
Throw: Large rock        ||     4
  Use: Potion            ||     1
Armor: Robe              ||    26
Dodge: Dodged            ||    52

Table legend:
 A = Non-vault XP
 B = Vault XP
 C = Vault XP percentage of total XP
 D = Non-vault monster count
 E = Vault monster count
 F = Vault count percentage of total count
                 A         B        C        D         E       F
            +---------+---------+-------+---------+---------+-------
      Total |      24 |       6 |  20.0 |      14 |       4 |  22.2
            +---------+---------+-------+---------+---------+-------
        D:1 |      18 |       6 |  25.0 |      10 |       4 |  28.6
        D:2 |       6 |       0 |   0.0 |       4 |       0 |   0.0
            +---------+---------+-------+---------+---------+-------
